 Dungeon Crawl Stone Soup version 0.23.0 (webtiles) character file.

Game seed: 3359697085484750268

86 Morbidden the Slasher (level 4, 0/35 HPs)
             Began as a Demonspawn Fighter on Feb 12, 2019.
             Killed from afar by an orc wizard (6 damage)
             ... with a magic dart
             ... on level 2 of the Dungeon.
             The game lasted 00:03:48 (1270 turns).

Morbidden the Slasher (Demonspawn Fighter)          Turns: 1270, Time: 00:03:49

Health: 0/35       AC:  5    Str: 17    XL:     4   Next: 26%
Magic:  4/4        EV:  9    Int: 13    God:
Gold:   35         SH:  9    Dex: 15    Spells: 3/3 levels left

rFire    . . .     SeeInvis .   a - +0 long sword
rCold    . . .     Gourm    .   c - +0 shield
rNeg     . . .     Faith    .   h - +0 steam dragon scales
rPois    .         Spirit   .   (no helmet)
rElec    .         Reflect  .   (no cloak)
rCorr    .         Harm     .   (no gloves)
MR       .....                  (no boots)
Stlth    ++........             (no amulet)
HPRegen  0.11/turn              e - +4 ring of intelligence
MPRegen  0.09/turn              (no ring)

@: no status effects
A: hooves 1, thin skeletal structure 1
a: no special abilities


You were on level 2 of the Dungeon.
You were not hungry.

You visited 1 branch of the dungeon, and saw 2 of its levels.

You collected 35 gold pieces.

Inventory:

Hand Weapons
 a - a +0 long sword (weapon)
Armour
 c - a +0 shield (worn)
 h - +0 steam dragon scales (worn)
Jewellery
 e - a +4 ring of intelligence (left hand)
Scrolls
 b - a scroll of teleportation {unknown}
 g - a scroll of identify {unknown}
Potions
 d - a potion of might
 i - a potion of curing
 j - 2 potions of invisibility {unknown}
 k - a potion of agility {unknown}
Comestibles
 f - a ration


   Skills:
 + Level 3.2 Fighting
 * Level 3.4 Long Blades
 + Level 3.0 Armour
 + Level 0.1 Dodging
 + Level 0.1 Stealth
 + Level 3.0 Shields


You had 3 spell levels left.
You didn't know any spells.
Your spell library was empty.

Dungeon Overview and Level Annotations

Branches:
Dungeon (2/15)

Altars:


Innate Abilities, Weirdness & Mutations

You have large cloven feet.
You have a somewhat thin skeletal structure. (Dex +2, Stealth)


Message History

Unknown command.
You bump into the rock wall.
Something hits you but does no damage.
Unknown command.
You bump into the rock wall.
You hear some strange, mumbled words.
You are more confused.
Unknown command.
You hear some strange, mumbled words.
A puff of flame appears from out of thin air!
The puff of flame hits you!
* * * LOW HITPOINT WARNING * * *
Unknown command.
You bump into the rock wall.
Something hits you.
* * * LOW HITPOINT WARNING * * *
Unknown command.
It was a potion of curing.
You feel better.
You hear some strange, mumbled words.
A magic dart appears from out of thin air!
The magic dart hits you.
You die...

#..#.# #.#. #....# #.#.
#...######.##
#............
##.#######... ##.##
###... ######...## #.....
#......#..# #.##..
###@###.###.# #.##..
####....#.†..#####.##..
##..##...#.).##..##.....
#....#...#..w#....####..
##..#.#...#.{.#.#..####..
#..##.#..#.#..#.##..#..##
#..#[.#..#.#..#.)#..#..#
#..####..#.#†.####..#..#
##..##..##.##.. #..#


There were no monsters in sight!

Vanquished Creatures
  2 adders (D:2)
  2 worms (D:2)
  4 dart slugs
  2 leopard geckos (D:2)
  2 ball pythons (D:1)
  6 bats
  2 giant cockroaches
  2 goblins
  3 hobgoblins
  8 jackals
  7 kobolds
  4 frilled lizards
  5 rats
49 creatures vanquished.

Notes
Turn   | Place    | Note
-------+----------+-------------------------------------------
     0 | D:1      | Morbidden the Demonspawn Fighter began the quest for the
                  | Orb.
     0 | D:1      | Reached XP level 1. HP: 18/18 MP: 1/1
    97 | D:1      | Gained mutation: You have large cloven feet. [demonic
                  | ancestry]
    97 | D:1      | Reached XP level 2. HP: 19/24 MP: 2/2
   387 | D:1      | Gained mutation: You have a somewhat thin skeletal
                  | structure. (Dex +2, Stealth) [demonic ancestry]
   387 | D:1      | Reached XP level 3. HP: 27/29 MP: 3/3
  1172 | D:2      | Reached XP level 4. HP: 32/35 MP: 4/4
  1269 | D:2      | HP: 1/35 [something (3)]
  1270 | D:2      | Killed from afar by an orc wizard

Skill      XL: |  1  2  3  4 |
---------------+-------------+-----
Long Blades    | 2 3 |  3.4
Armour         | 3 |  3.0
Shields        | 3 |  3.0
Fighting       | |  3.2
Dodging        | |  0.1
Stealth        | |  0.1

Action                   |  1- 3 |  4- 6 || total
-------------------------+-------+-------++-------
Melee: Long sword        |    96 |    23 ||   119
       Kick              |    16 |     9 ||    25
  Use: Potion            |       |     1 ||     1
 Stab: Sleeping          |     1 |       ||     1
  Eat: Chunk             |     1 |       ||     1
Armor: Scale mail        |    19 |       ||    19
       Steam dragon scal |    27 |    11 ||    38
Dodge: Dodged            |    33 |    10 ||    43
Block: Shield            |    47 |     9 ||    56
       Rpst.: Long sword |     9 |     3 ||    12
